 Dungeon Crawl Stone Soup version 0.27-a0-1184-ge86db4a01e (webtiles) character file.

Game seed: 14510477174153196885

309175 Zonian the Warrior (level 22, -5/149 HPs)
             Began as a Djinni Ice Elementalist on May 16, 2021.
             Was a High Priest of Hepliaklqana.
             Killed from afar by an ironbound frostheart (44 damage)
             ... with a frost
             ... led by a vault warden
             ... on level 2 of the Vaults on May 18, 2021.
             The game lasted 04:13:50 (90468 turns).

Zonian the Warrior (Djinni Ice Elementalist)       Turns: 90468, Time: 04:14:04

Health: -5/149     AC: 17    Str: 13    XL:     22   Next: 16%
Gold:   1780       EV: 21    Int: 30    God:    Hepliaklqana [*****.] SH: 12 Dex: 15

rFire    + + .     SeeInvis .   C - +10 trident "Zuhiev" {drain, rPois Int+4}
rCold    x . .     Faith    .   k - +2 buckler {AC+3}
rNeg     . . .     Spirit   .   E - +2 robe {Archmagi}
rPois    ∞         Reflect  +   D - +2 helmet {Int+3}
rElec    .         Harm     .   t - +2 cloak {rCorr}
rCorr    +         Rampage  .   a - +2 pair of gloves
Will     +++..                  (boots unavailable)
Stlth    ++++......             c - amulet of reflection
HPRegen  0.34/turn              d - ring "Zuhag" {Will+ Str+3}
MPRegen  0.00/turn              h - +4 ring of slaying

@: frozen, flying, very slow
A: reduced essence, sickness immunity, fire resistance 2, cold vulnerability 1,
float, innate caster, hp casting, extra vitality 1
}: 2/15 runes: decaying, gossamer
a: Renounce Religion, Recall Ancestor, Ancestor Identity, Transference, Idealise


You were on level 2 of the Vaults.
You worshipped Hepliaklqana.
Hepliaklqana was extremely pleased with you.
You visited 8 branches of the dungeon, and saw 37 of its levels.
You also visited: Sewer and Gauntlet.

You collected 3900 gold pieces.
You spent 2120 gold pieces at shops.

Inventory:

Hand Weapons
 C - the +10 trident "Zuhiev" (weapon) {drain, rPois Int+4}
   (You found it on level 11 of the Dungeon)

   A truly terrible weapon, it drains the life of those it strikes.
   It affects your intelligence (+4).
   It protects you from poison.
 P - the +3 sling "Punk" {acid, rCorr}
   (You found it on level 3 of the Elven Halls)

   It protects you from acid and corrosion.
Missiles
 o - 25 javelins
 q - 7 silver boomerangs
 A - 16 curare-tipped darts
 F - 7 boomerangs of dispersal
 M - 3 silver javelins
 O - 252 sling bullets
 R - 7 throwing nets
Armour
 a - a +2 pair of gloves (worn)
 k - a +2 buckler of protection (worn)
 t - a +2 cloak of preservation (worn)
 D - a +2 helmet of intelligence (worn)
 E - a +2 robe of the Archmagi (worn)
Magical Staves
 g - a staff of cold
Jewellery
 c - an amulet of reflection (around neck)
 d - the ring "Zuhag" (left hand) {Will+ Str+3}
   (You took it off a deep elf demonologist on level 3 of the Elven Halls)

   [ring of willpower]

   It affects your strength (+3).
   It increases your willpower.
 h - a +4 ring of slaying (right hand)
 n - a ring of willpower
 s - a ring of see invisible
 I - a ring of protection from cold
 J - a +6 ring of dexterity
 T - a ring of protection from fire
 X - a ring of wizardry
Wands
 i - a wand of iceblast (28)
 m - a wand of paralysis (34)
 r - a wand of acid (17)
 B - a wand of digging (22)
 S - a wand of charming (9)
 V - a wand of mindburst (15)
Scrolls
 e - 2 scrolls of fear
 f - 2 scrolls of magic mapping
 j - 8 scrolls of teleportation
 z - 2 scrolls of summoning
 G - a scroll of silence
 H - 15 scrolls of identify
 U - 4 scrolls of blinking
Potions
 b - 2 potions of invisibility
 l - a potion of haste
 p - a potion of heal wounds
 v - 2 potions of resistance
 w - a potion of berserk rage
 x - 11 potions of ambrosia
 y - 6 potions of curing
 K - 5 potions of might
 L - a potion of lignification
 N - 3 potions of brilliance
 W - 2 potions of cancellation
Miscellaneous
 u - a box of beasts
 Q - a tin of tremorstones (2/2)
 Y - a lightning rod (inert)
 Z - a phantom mirror


   Skills:
 + Level 16.9 Fighting
 - Level 4.8(10.1) Axes
 + Level 13.4(13.7) Polearms
 - Level 1.1(9.7) Staves
 + Level 7.1 Armour
 - Level 16.2 Dodging
 - Level 10.0 Stealth
 - Level 4.0 Shields
 + Level 12.2 Spellcasting
 - Level 12.8 Invocations
 - Level 8.5 Evocations


You couldn't memorise any spells.
You knew the following spells:

 Your Spells              Type           Power      Damage    Failure   Level
a - Freeze                Ice            100%       1d11      1%          1
b - Frozen Ramparts       Ice            100%       1d12      1%          3
c - Ozocubu's Armour      Ice            95%        N/A       1%          3
d - Hailstorm             Conj/Ice       95%        3d19      1%          4
e - Metabolic Englaciati  Hex/Ice        47%        N/A       1%          5
f - Apportation           Tloc           100%       N/A       1%          1
g - Wereblood             Tmut           95%        N/A       1%          2
h - Spider Form           Tmut/Pois      47%        N/A       1%          3
i - Lesser Beckoning      Tloc           47%        N/A       1%          3
j - Animate Armour        Summ/Erth      100%       N/A       1%          4
k - Silence               Hex/Air        47%        N/A       1%          5
l - Blade Hands           Tmut           47%        N/A       2%          6
m - Ozocubu's Refrigerat  Ice            47%        4d14      16%         7
n - Shadow Creatures      Summ           N/A        N/A       2%          6
o - Disjunction           Tloc           47%        N/A       77%         8
Your spell library was empty.

Dungeon Overview and Level Annotations

Branches:
Dungeon (15/15)            Temple (1/1) D:4            Lair (6/6) D:11
  Swamp (4/4) Lair:2       Spider (4/4) Lair:4        Slime (0/5) Lair:5
    Orc (2/2) D:10            Elf (3/3) Orc:2        Vaults (2/5) D:14
 Depths (0/5) D:15          Sewer (visited)         Gauntlet (visited)
  Crypt: Vaults:2-3

Altars:
Ashenzari
Cheibriados
Dithmenos
Elyvilon
Fedhas
Gozag
Hepliaklqana
Kikubaaqudgha
Makhleb
Nemelex Xobeh
Okawaru
Qazlal
Ru
Sif Muna
Trog
Uskayaw
Vehumet
Wu Jian
Xom
Yredelemnul
Zin
The Shining One
Beogh

Shops:
D:5 =![   D:9 [   Orc:2 ([*=   Vaults:2 *

Annotations:
D:13 1 runed translucent door
Lair:1 exclusion: oklob plant
Lair:4 exclusion: oklob plant
Elf:2 3 runed translucent doors
Elf:3 exclusions: obsidian statue and orange crystal statue


Innate Abilities, Weirdness & Mutations

Your life essence is reduced to manifest your ancestor. (-10% HP)
You are immune to sickness and miasma.
You are immune to poison.
Your flesh is very heat resistant. (rF++)
You are vulnerable to cold. (rC-)
You float through the air rather than walking.
You learn spells naturally, not from books.
Your magical power is your life essence.
You have superior vitality. (+4 HP)


Message History

The ironbound frostheart calls freezing cold from the walls.
The frost grips you!!
You feel a painful chill!
You are encased in ice.
The frost grips IM BATMAN!
IM BATMAN partially resists.
The deep troll bites you. The deep troll closely misses you. x2
IM BATMAN hits the vault warden with a +0 broad axe of flaming!!
IM BATMAN burns the vault warden!
Unknown command.
You barely miss the deep troll.
The deep troll is severely wounded.
IM BATMAN hits the vault warden with a +0 broad axe of flaming!
IM BATMAN burns the vault warden.
The vault warden dies!
The runic seal fades away.
The deep troll closely misses you. The deep troll claws you.
You block the deep troll's attack.
A slime creature comes into view.
The deep troll closely misses you. You block the deep troll's attack.
The deep troll claws you!
A slime creature comes into view.
You barely miss the deep troll.
The deep troll is severely wounded.
A vault warden comes into view. It is wielding a +0 glaive.
IM BATMAN blocks the vault warden's attack.
The deep troll completely misses you. You block the deep troll's attack.
The deep troll claws you but does no damage.
Unknown command.
Hepliaklqana grants IM BATMAN healing and protection!
IM BATMAN is healed somewhat.
IM BATMAN hits the vault warden with a +0 broad axe of flaming!!
IM BATMAN burns the vault warden!
The vault warden dies!
The runic seal fades away.
The deep troll bites you but does no damage.
The deep troll claws you!
* * * LOW HITPOINT WARNING * * *
The deep troll closely misses you.
The ironbound frostheart calls freezing cold from the walls.
The frost grips you!!!
You feel a painful chill!
You die...

.......# #....#
.......# #....#
##.....# #....#
.#.....# #)...#
.#.....# #....#
.#.....# #....#
.#.....# #....#
.#.....####+###....#
.#.......ppp)R(.@..#
##.....#########TTc#
#.....^T#c..#
#.......+c..#
#......[#c..#
#...)...#.J.#
#.......#JJ.#
#..)....#..##
#''######..#


You could see the friendly IM BATMAN the knight (fast, idealised), a vault
warden, a vault guard (slow), 3 slime creatures, an ironbound frostheart (ally
target), 2 deep trolls and 4 yaktaurs.

Vanquished Creatures
  Saint Roka (Orc:2)
  A tentacled monstrosity (Swamp:4)
  2 deep elf master archers (Elf:3)
  2 deep elf blademasters (Elf:3)
  Agnes (Vaults:1)
  A fire giant (D:15)
  Donald (Orc:2)
  An orc warlord (Orc:1)
  4 emperor scorpions
  A ghost moth (Spider:4)
  2 deep elf elementalists (Elf:3)
  3 deep elf sorcerers (Elf:3)
  2 ironbound preservers (Vaults:2)
  A stone giant (Vaults:2)
  3 deep elf demonologists (Elf:3)
  2 bunyips
  A dire elephant (Vaults:1)
  7 deep elf annihilators
  2 entropy weavers
  3 deep elf death magi (Elf:3)
  An eleionoma (Swamp:1)
  3 deep elf high priests (Elf:3)
  12 hydras
  A shambling mangrove (Swamp:4)
  4 boulder beetles
  6 centaur warriors
  4 ghost crabs
  4 ironbound frosthearts
  An ogre mage (D:15)
  Erica (D:9)
  14 dancing weapons
  3 two-headed ogres
  Urug (D:10)
  4 alligators
  5 death yaks
  3 orc high priests
  Sonja (Lair:1)
  3 spriggans
  3 ironbound beastmasters
  7 deep elf knights
  A skeletal warrior (D:14)
  3 swamp dragons (Swamp:4)
  3 spriggan druids
  3 goliath frogs
  12 deep elf archers
  2 lindwurms
  6 deep trolls (Vaults:2)
  2 bog bodies
  A wizard (Vaults:1)
  2 ironbound convokers (Vaults:2)
  4 orc knights
  12 deep elf pyromancers
  18 deep elf zephyrmancers
  16 orb spiders
  15 wolf spiders
  An orb spider (shapeshifter) (D:15)
  An orc sorcerer (Orc:1)
  3 ugly things
  5 manticores
  2 will-o-the-wisps
  3 cyclopes
  A worldbinder (Gauntlet)
  2 moths of wrath
  4 elephants (Lair:6)
  2 vault sentinels (Vaults:2)
  16 cane toads
  Maggie (D:9)
  5 komodo dragons
  A rime drake (shapeshifter) (D:15)
  2 rime drakes
  A yaktaur (shapeshifter) (D:13)
  The ghost of Zonian the Conjurer, a novice VSCj of Hepliaklqana (D:6)
  10 demonic crawlers
  A kobold demonologist (D:12)
  A tengu conjurer (D:14)
  A queen bee (Lair:3)
  4 trolls
  18 jumping spiders
  11 hornets
  Grinder (D:6)
  9 tyrant leeches
  13 slime creatures
  15 blink frogs
  3 dream sheep (Lair:5)
  2 air elementals (Elf:3)
  A water elemental (Elf:2)
  A tarantella (shapeshifter) (Elf:2)
  47 redbacks
  19 tarantellas
  2 wyverns
  2 fire bats (Gauntlet)
  A vampire (D:9)
  18 yaks
  A wraith (D:10)
  3 steam dragons
  A basilisk (Lair:4)
  6 fire elementals
  13 vampire mosquitoes
  A golden eye (shapeshifter) (D:14)
  8 wargs
  14 swamp worms
  A hell hound (Gauntlet)
  8 water moccasins
  19 orc warriors
  3 sky beasts
  3 swamp drakes
  2 black bears
  5 ogres
  A necrophage (D:5)
  8 boggarts
  20 wolves
  12 centaurs
  2 kobold brigands
  A gnoll sergeant (D:8)
  17 bullfrogs
  A scorpion (D:4)
  An earth elemental (Elf:2)
  A water moccasin skeleton (D:5)
  3 wights
  27 killer bees
  7 electric eels
  A centaur zombie (D:7)
  A hound (D:5)
  6 orc priests
  A centaur skeleton (D:7)
  A gnoll shaman (D:8)
  2 jellies (Gauntlet)
  Jessica (D:2)
  An iguana (D:4)
  19 orc wizards
  4 hell rats
  A hound skeleton (D:5)
  7 adders
  10 gnolls
  A worm (Sewer)
  4 dart slugs
  44 orcs
  3 ball pythons
  6 bats
  7 endoplasms
  5 giant cockroaches
  9 goblins
  11 hobgoblins
  2 jackals (D:1)
  22 kobolds
  5 quokkas
  4 frilled lizards
  8 rats
  A briar patch (Swamp:3)
829 creatures vanquished.

Vanquished Creatures (collateral kills)
  Bai Suzhen (Elf:3)
  A deep elf master archer (Elf:3)
  2 ancient champions (Vaults:1)
  3 thorn hunters
  A fenstrider witch (Swamp:3)
  A deep elf sorcerer (Elf:3)
  2 ghost moths (Spider:4)
  2 vault wardens (Vaults:2)
  4 emperor scorpions
  3 ironbound preservers
  3 deep elf demonologists (Elf:3)
  Azrael (Orc:2)
  4 bunyips
  A minotaur (Gauntlet)
  2 spark wasps
  2 deep elf annihilators (Elf:3)
  An entropy weaver (Spider:3)
  A dire elephant (Vaults:2)
  3 eleionomae
  A deep elf death mage (Elf:1)
  A yaktaur captain (Vaults:2)
  A deep elf high priest (Elf:3)
  12 hydras
  4 boulder beetles
  Harold (D:10)
  A catoblepas (D:13)
  4 ghost crabs
  2 ironbound frosthearts
  4 alligators
  5 dancing weapons
  4 two-headed ogres
  A death yak (Lair:5)
  A tengu warrior (D:13)
  An ironbound beastmaster (Vaults:1)
  An orc high priest (Orc:2)
  4 deep elf knights
  3 skeletal warriors
  6 swamp dragons
  11 deep trolls
  2 ironbound convokers (Vaults:2)
  7 bog bodies
  A spriggan druid (Swamp:4)
  The ghost of ZappyNine the Skirmisher, a novice PaFi of Qazlal (D:6)
  6 deep elf archers
  An orc knight (Orc:2)
  7 deep elf zephyrmancers
  3 lindwurms
  5 deep elf pyromancers
  A harpy (Vaults:2)
  13 wolf spiders
  14 orb spiders
  4 ugly things
  5 cyclopes
  3 will-o-the-wisps
  3 orc sorcerers
  A black mamba (Lair:3)
  A vault sentinel (Vaults:1)
  The ghost of mdk the Destroyer, a novice DECj (D:6)
  2 torpor snails (Spider:3)
  An unseen horror (D:9)
  8 cane toads
  A rime drake (Lair:3)
  8 demonic crawlers
  Psyche (D:10)
  A freezing wraith (D:14)
  3 trolls (Orc:2)
  A tengu conjurer (D:14)
  23 jumping spiders
  A polar bear (Lair:6)
  7 hornets
  7 slime creatures
  2 dream sheep (Lair:5)
  11 blink frogs
  6 tyrant leeches
  4 spriggans (Swamp:4)
  An air elemental (Elf:3)
  27 redbacks
  A fire elemental (Orc:1)
  11 tarantellas
  A water elemental (Elf:1)
  4 wyverns
  13 yaks
  Grum (D:10)
  14 vampire mosquitoes
  A basilisk (Lair:3)
  3 wargs
  3 swamp worms
  3 acid dragons
  A hell hound (Orc:1)
  5 swamp drakes (Swamp:4)
  12 orc warriors
  2 black bears
  3 wolves
  6 centaurs
  An ogre (Orc:2)
  3 kobold brigands
  2 gnoll sergeants (D:12)
  6 bullfrogs
  3 scorpions (D:11)
  7 killer bees
  9 wights
  An electric eel (Lair:5)
  3 centaur zombies
  A bullfrog zombie (D:5)
  A bullfrog skeleton (D:7)
  3 orc priests
  A gnoll shaman (D:9)
  3 hell rats (Lair:5)
  6 orc wizards
  9 gnolls
  An adder (D:6)
  A howler monkey skeleton (D:5)
  A worm (Sewer)
  38 orcs
  3 endoplasms (Sewer)
  A goblin (D:8)
  A hobgoblin (D:8)
  A kobold (D:12)
  2 quokkas (Sewer)
  6 briar patches
  A butterfly (Lair:3)
499 creatures vanquished.

Vanquished Creatures (others)
  Asterion (Vaults:1)
  A deep elf zephyrmancer (Elf:3)
  A centaur zombie (D:10)
  2 bloated husks (Swamp:2)
  A swamp worm (Swamp:4)
  An orc priest (Orc:2)
  12 knights
  2 orcs (Orc:2)
  10 foxfires (Swamp:4)
  79 fungi
  97 plants
  2 withered plants (D:5)
209 creatures vanquished.

Grand Total: 1537 creatures vanquished

Notes
Turn   | Place    | Note
-------+----------+-------------------------------------------
     0 | D:1      | Zonian the Djinni Ice Elementalist began the quest for the
                  | Orb.
     0 | D:1      | Reached XP level 1. HP: 15/15 MP: 0/0
   517 | D:1      | Reached XP level 2. HP: 20/21 MP: 0/0
  2566 | D:1      | Reached XP level 3. HP: 19/25 MP: 0/0
  2566 | D:1      | Learned a level 1 spell: Apportation
  3242 | D:2      | Noticed Jessica
  3251 | D:2      | Killed Jessica
  3252 | D:2      | Reached XP level 4. HP: 22/31 MP: 0/0
  5591 | D:3      | Reached XP level 5. HP: 30/36 MP: 0/0
  5591 | D:3      | Learned a level 2 spell: Wereblood
  6863 | D:3      | Noticed a sky beast
  6876 | D:3      | Killed a sky beast
  6877 | D:3      | Reached skill level 1 in Staves
  6877 | D:3      | Reached XP level 6. HP: 18/41 MP: 0/0
  7265 | D:3      | Reached skill level 1 in Fighting
  7686 | D:4      | Found a staircase to the Ecumenical Temple.
  7800 | Temple   | Entered the Ecumenical Temple
  8049 | Temple   | Became a worshipper of Hepliaklqana the Forgotten
  8332 | D:4      | Noticed an ogre
  8815 | D:4      | Found a sparkling altar of Nemelex Xobeh.
  9083 | D:4      | Noticed a water moccasin
  9094 | D:4      | Killed a water moccasin
  9095 | D:4      | Reached XP level 7. HP: 40/49 MP: 0/0
  9095 | D:4      | Learned a level 3 spell: Spider Form
  9531 | D:5      | Entered Level 5 of the Dungeon
 11403 | D:5      | Reached skill level 5 in Dodging
 11403 | D:5      | Reached XP level 8. HP: 39/56 MP: 0/0
 11638 | D:5      | Reached * piety under Hepliaklqana
 11658 | D:5      | Found a broken altar of Ashenzari.
 11667 | D:5      | Found Ganeetoa's Armour Emporium.
 12184 | D:5      | Found a runed translucent door.
 12461 | D:5      | Found a white marble altar of Elyvilon.
 12654 | D:5      | Found Hugeibuf's Distillery.
 12667 | D:5      | Found Tull's Jewellery Emporium.
 12715 | D:5      | Found a blossoming altar of Fedhas.
 13232 | D:6      | Found a runed translucent gate.
 13232 | D:6      | Noticed mdk's ghost (novice DECj)
 13232 | D:6      | Noticed ZappyNine's ghost (novice PaFi)
 13233 | D:6      | Found a runed translucent gate.
 13233 | D:6      | Found a runed translucent gate.
 13233 | D:6      | Noticed Zonian's ghost (novice VSCj)
 13244 | D:6      | Found a glowing drain.
 13253 | Sewer    | Entered a sewer
 13639 | D:6      | Noticed Grinder
 13661 | D:6      | Killed Grinder
 13662 | D:6      | Reached skill level 1 in Invocations
 14197 | D:6      | Reached skill level 5 in Spellcasting
 14197 | D:6      | Reached XP level 9. HP: 20/56 MP: 0/0
 14197 | D:6      | Learned a level 3 spell: Lesser Beckoning
 14459 | D:6      | Reached skill level 5 in Stealth
 14878 | D:6      | Reached ** piety under Hepliaklqana
 14879 | D:6      | Remembered your ancestor IM BATMAN as a knight
 15103 | D:5      | Reached skill level 5 in Fighting
 15142 | D:5      | Bought the +1 robe of the Ancient Eyes {Stlth+} for 217
                  | gold pieces
 15394 | D:5      | Reached skill level 1 in Axes
 15526 | D:7      | Noticed a hornet
 15533 | D:7      | Killed a hornet
 15876 | D:7      | Found a glowing golden altar of the Shining One.
 15878 | D:7      | Noticed an angel
 15889 | D:7      | Found a basalt altar of Yredelemnul.
 15891 | D:7      | Noticed a profane servitor
 16777 | D:8      | Noticed a manticore
 16917 | D:8      | Reached XP level 10. HP: 54/64 MP: 0/0
 17396 | D:8      | Found a bloodstained altar of Trog.
 17514 | D:8      | Killed a manticore
 17816 | D:8      | Reached *** piety under Hepliaklqana
 18626 | D:9      | Found Feqoxzex's Antique Armour Shop.
 18655 | D:9      | Noticed Maggie
 18666 | D:9      | Killed Maggie
 18913 | D:9      | Noticed an unseen horror
 18952 | D:9      | Killed an unseen horror
 18972 | D:9      | Found a hide-covered altar of Uskayaw.
 18977 | D:9      | Reached skill level 5 in Invocations
 18993 | D:9      | Reached XP level 11. HP: 30/70 MP: 0/0
 18993 | D:9      | Learned a level 4 spell: Animate Armour
 19621 | D:9      | Noticed Erica
 19634 | D:9      | Killed Erica
 20548 | D:10     | Entered Level 10 of the Dungeon
 20551 | D:10     | Noticed a two-headed ogre
 20562 | D:10     | Killed a two-headed ogre
 20938 | D:10     | Noticed Harold
 20938 | D:10     | Noticed Psyche
 20951 | D:10     | Reached **** piety under Hepliaklqana
 20974 | D:10     | Found a staircase to the Orcish Mines.
 21241 | D:10     | Noticed Urug
 21455 | D:9      | Bought a jacinth-studded leather armour for 217 gold pieces
 21455 | D:9      | Identified the +1 leather armour "Geholune" {-Tele Rampage
                  | rPois} (You bought it in a shop on level 9 of the Dungeon)
 21663 | D:10     | Noticed Grum
 21670 | D:10     | Killed Grum
 22787 | D:10     | HP: 3/71 [Harold/+6 vorpal mace (6)]
 23374 | D:11     | Noticed a cyclops
 23376 | D:11     | Noticed a two-headed ogre
 23384 | D:11     | Killed a two-headed ogre
 23849 | D:11     | Reached XP level 12. HP: 73/77 MP: 0/0
 23927 | D:11     | Identified the +10 trident "Zuhiev" {drain, rPois Int+4}
 24112 | D:11     | Found a staircase to the Lair.
 24265 | D:11     | Reached skill level 1 in Polearms
 24460 | Lair:1   | Entered Level 1 of the Lair of Beasts
 24494 | Lair:1   | Reached ***** piety under Hepliaklqana
 24634 | Lair:1   | Noticed Sonja
 24668 | Lair:1   | Killed Sonja
 25023 | Lair:1   | Found an iron altar of Okawaru.
 26971 | D:9      | Bought an embroidered cloak for 232 gold pieces
 27129 | Lair:2   | Reached skill level 10 in Dodging
 27739 | Lair:2   | Found a staircase to the Swamp.
 27754 | Lair:2   | Reached skill level 1 in Shields
 28526 | Lair:3   | Reached XP level 13. HP: 84/84 MP: 0/0
 28526 | Lair:3   | Learned a level 5 spell: Silence
 28823 | Lair:3   | Reached skill level 1 in Evocations
 30030 | Lair:4   | Found a hole to the Spider Nest.
 31795 | Lair:4   | Reached ****** piety under Hepliaklqana
 31961 | Lair:5   | Noticed a four-headed hydra
 31973 | Lair:5   | Killed a four-headed hydra
 32042 | Lair:5   | Found a staircase to the Slime Pits.
 32848 | Lair:5   | Reached XP level 14. HP: 86/91 MP: 0/0
 33379 | Lair:6   | Entered Level 6 of the Lair of Beasts
 33474 | Lair:6   | Reached skill level 10 in Fighting
 33494 | Lair:6   | Reached skill level 5 in Polearms
 34125 | Lair:6   | Reached skill level 5 in Evocations
 35666 | D:12     | Reached skill level 10 in Stealth
 36829 | D:12     | Reached XP level 15. HP: 54/98 MP: 0/0
 36829 | D:12     | Learned a level 6 spell: Blade Hands
 37318 | D:13     | Found a gate leading to a gauntlet.
 37333 | Gauntlet | Entered a Gauntlet
 37333 | Gauntlet | Found a transporter.
 37333 | Gauntlet | Found a transporter.
 37333 | Gauntlet | Found the +7 lajatang of Order {silver, rMut}
 37478 | Gauntlet | Found a transporter.
 37480 | Gauntlet | Found a transporter.
 37552 | Gauntlet | Found a transporter.
 37552 | Gauntlet | Found a transporter.
 37734 | Gauntlet | Found a transporter.
 37748 | Gauntlet | Identified the +0 pair of gloves of Kummann {rElec rF++
                  | MP-9}
 37863 | Gauntlet | Identified the +5 ring mail "Fyosouni" {Str-3 Int+4 Dex+5}
 38239 | Gauntlet | Identified the +2 helmet "Okhlec" {rElec rPois Str-4}
 38239 | Gauntlet | Identified Uxef's Collected Works on the Mountains and
                  | Bewitchment
 38836 | D:13     | Identified the amulet "Miehorghu" {Faith Int+2 Dex+2}
 38938 | D:13     | Noticed a frost giant
 38938 | D:13     | Noticed a tengu reaver
 38939 | D:13     | Found a runed translucent door.
 38941 | D:13     | Noticed a sphinx
 39493 | D:9      | Bought a runed buckler for 232 gold pieces
 39767 | D:10     | Killed Psyche
 39933 | D:10     | Killed Urug
 40161 | D:10     | Killed Harold
 40521 | D:14     | Found a gate to the Vaults.
 41175 | D:14     | Found a hide-covered altar of Uskayaw.
 41474 | D:15     | Entered Level 15 of the Dungeon
 42603 | D:15     | Reached XP level 16. HP: 99/105 MP: 0/0
 42718 | D:15     | Found a staircase to the Depths.
 42718 | D:15     | Noticed a fire giant
 43030 | D:15     | Found a blossoming altar of Fedhas.
 43202 | D:15     | Killed a fire giant
 43715 | Orc:1    | Entered Level 1 of the Orcish Mines
 43902 | Orc:2    | Entered Level 2 of the Orcish Mines
 43902 | Orc:2    | Found Fefyif's Antique Weapon Shop.
 44024 | Orc:2    | Noticed Azrael
 45574 | Orc:2    | Killed Azrael
 46099 | Orc:2    | Found Maimpus's Jewellery Boutique.
 46134 | Orc:2    | Found Cuumumec's Antique Armour Emporium.
 46182 | Orc:2    | Noticed Saint Roka
 46936 | Orc:2    | Found Anuett's General Store.
 48229 | Orc:2    | Bought a potion of invisibility for 136 gold pieces
 48437 | Orc:2    | Found a staircase to the Elven Halls.
 48556 | Orc:2    | Noticed Donald
 48562 | Orc:2    | Killed Donald
 49919 | Orc:2    | Bought an amulet of reflection for 330 gold pieces
 49996 | Orc:2    | Bought a runed helmet for 285 gold pieces
 50174 | Spider:1 | Entered Level 1 of the Spider Nest
 50844 | Spider:1 | Reached skill level 10 in Invocations
 51957 | Spider:2 | Reached XP level 17. HP: 98/112 MP: 0/0
 51957 | Spider:2 | Learned a level 7 spell: Ozocubu's Refrigeration
 54647 | Spider:3 | Found the +7 sceptre of Torment {pain, torment}
 58403 | Spider:4 | Entered Level 4 of the Spider Nest
 59452 | Spider:4 | Reached XP level 18. HP: 88/119 MP: 0/0
 59868 | Spider:4 | Reached skill level 15 in Dodging
 59952 | Spider:4 | Reached skill level 10 in Polearms
 62573 | Spider:4 | Got a gossamer rune of Zot
 62928 | Swamp:1  | Entered Level 1 of the Swamp
 66719 | Swamp:2  | Reached XP level 19. HP: 99/126 MP: 0/0
 66719 | Swamp:2  | Learned a level 6 spell: Shadow Creatures
 67823 | Swamp:3  | Paralysed by a fenstrider witch for 2 turns
 67829 | Swamp:3  | Paralysed by a fenstrider witch for 4 turns
 69200 | Swamp:4  | Entered Level 4 of the Swamp
 69721 | Swamp:4  | Reached skill level 10 in Spellcasting
 69952 | Swamp:4  | Noticed a tentacled monstrosity
 69964 | Swamp:4  | Killed a tentacled monstrosity
 70810 | Swamp:4  | Reached skill level 15 in Fighting
 70840 | Swamp:4  | Got a decaying rune of Zot
 72155 | Spider:1 | Upgraded the game from 0.27-a0-1177-g245c70e1c0 to
                  | 0.27-a0-1181-g5f64966fcc
 72526 | Elf:1    | Entered Level 1 of the Elven Halls
 73609 | Elf:1    | Reached XP level 20. HP: 133/134 MP: 0/0
 74636 | Elf:1    | Identified Bohasit's Reference Book on Attacks
 76486 | Elf:2    | Identified the +7 battleaxe of Instant Death {vorpal, rF+
                  | rC+}
 78577 | Elf:2    | Found a runed translucent gate.
 78577 | Elf:2    | Found a runed translucent gate.
 78577 | Elf:2    | Found a runed translucent gate.
 78745 | Elf:3    | Entered Level 3 of the Elven Halls
 80691 | Elf:3    | Reached skill level 1 in Armour
 81145 | Elf:3    | Noticed Bai Suzhen
 81162 | Elf:3    | Killed Bai Suzhen
 82250 | Elf:3    | Reached XP level 21. HP: 86/141 MP: 0/0
 82250 | Elf:3    | Learned a level 8 spell: Disjunction
 82531 | Elf:3    | Identified the +5 great sword of the Smoking Seeker {vamp,
                  | rCorr Str+2 Dex+3 Stlth-}
 82531 | Elf:3    | Identified the +3 leather armour of Past Mistakes {rC-
                  | Int+10 Dex+3 Slay+3}
 82532 | Elf:3    | Identified the ring "Zuhag" {Will+ Str+3}
 84140 | Elf:3    | Identified the +1 falchion of Demonkind {flame, rN+ Will+
                  | Int+2}
 84620 | Elf:3    | Identified the +2 spear "Hell-Harrower" {vamp, *Slow rN+
                  | SInv}
 84985 | Elf:3    | Found the +3 sling "Punk" {acid, rCorr}
 85005 | Elf:3    | Identified the Papyrus of Transmutation
 85100 | Elf:3    | Identified the +0 pair of boots "Harrea" {-Tele Rampage
                  | Dex+4}
 85432 | D:6      | Killed mdk's ghost
 85434 | D:6      | Killed ZappyNine's ghost
 85439 | D:6      | Killed Zonian's ghost
 85768 | Orc:2    | Killed Saint Roka
 85769 | Orc:2    | Reached skill level 5 in Armour
 86173 | Elf:3    | Identified Acelaem's Compendium of Ignition and Evil
 86537 | Swamp:4  | Upgraded the game from 0.27-a0-1181-g5f64966fcc to
                  | 0.27-a0-1184-ge86db4a01e
 86890 | Vaults:1 | Entered Level 1 of the Vaults
 88634 | Vaults:1 | Noticed Asterion
 88635 | Vaults:1 | Noticed Agnes
 88643 | Vaults:1 | Killed Agnes
 88650 | Vaults:1 | Killed Asterion
 90042 | Vaults:2 | Found Xeqodaepn's Assorted Antiques.
 90050 | Vaults:2 | Bought a wand of iceblast (7) for 164 gold pieces
 90050 | Vaults:2 | Bought a scroll of enchant armour for 307 gold pieces
 90316 | Vaults:2 | Reached XP level 22. HP: 145/149 MP: 0/0
 90468 | Vaults:2 | Killed from afar by an ironbound frostheart

Illustrated notes

Levels and vault maps discovered:
D:1:      amcnicky_arrival_wind_blow, layout_basic, minmay_tetromino_s4
D:2:      layout_basic, uniq_jessica
D:3:      layout_basic, serial_bayou_crossing
D:4:      layout_loops_cross, nemelex_dance_club_becter,
          minmay_temple_entry_offerings, chequers_serial_rivers_micro_b
D:5:      layout_cave_pools, grunt_temple_overflow_growth_and_decay,
          elyvilon_altar_3, cheibrodos_ashenzari_chains, serial_shops, shop,
          nicolae_shop_trees, nicolae_shop_temple_entry_statues_fountains,
          lightli_church_of_beogh
D:6:      layout_loops_ring, gammafunk_ghost_cemetery,
          cheibrodos_sewer_entry_drain, uniq_grinder
D:7:      layout_loops_ring, grunt_temple_overflow_holy_war
D:8:      layout_cave_pools, trog_hazing_becter
D:9:      layout_stronghold, nicolae_overflow_hidden_temple, serial_shops,
          nicolae_shop_statue_plus, uniq_maggie, uniq_erica
D:10:     layout_small_grid, minmay_orc_entry_guard_dogs, lemuel_flame_loot_1,
          uniq_harold, uniq_psyche, uniq_grum, uniq_urug
D:11:     layout_rooms, grunt_lair_entry_orc_guard_hut
D:12:     layout_grid_maze
D:13:     minmay_gate_of_8, layout_basic, gauntlet_entry_generic
D:14:     layout_irregular_city, david_vaults_4, lemuel_round_altar
D:15:     grunt_enter_depths_giant_problem, layout_irregular_city,
          fedhas_altar_1, hangedman_decor_diamond_cutter
Temple:   nicolae_temple_figure_eight
Lair:1:   layout_long_grid, lemuel_oklob_altar, uniq_sonja
Lair:2:   layout_cave_shapes, minmay_swamp_entry_worms, lemuel_fruit_fields
Lair:3:   regret_index_wax_grids, layout_regular_city, st_stairs_4,
          lemuel_fruit_fields
Lair:4:   layout_cave_pods, dummy_spider_entry, grunt_megastairs_2,
          serial_bayou_shore_b
Lair:5:   layout_regular_city, slime_dummy, lemuel_fruit_tree,
          infiniplex_staircase_pool_2, grunt_megastairs_3, serial_bayou_shore_b,
          serial_bayou_shore_a
Lair:6:   minmay_lair_end_frog_pond, layout_hall_layers
Swamp:1:  layout_falls_marsh, evilmike_swamp_ruin_house_2, swamp_pool3
Swamp:2:  layout_basic_swamp, serial_swamp_ruin, evilmike_swamp_ruin_house_3,
          evilmike_swamp_ruin_rubble_1
Swamp:3:  layout_basic_swamp, evilmike_swamp_ruin_house_5,
          hangedman_swamp_blocks, infiniplex_staircase_pool
Swamp:4:  swamp_basic_johnstein, layout_basic_swamp
Spider:1: layout_spider_delve, nicolae_spider_spiderdrome
Spider:2: layout_spider_delve, nicolae_spider_eight_legs
Spider:3: layout_spider_delve, hangedman_stitches_earthworm
Spider:4: guppyfry_spider_rune
Orc:1:    layout_caves, portal_ice_cave_entry_pillars_1, mines_bat_river
Orc:2:    grunt_orc_gardens, layout_caves, grunt_orc_garden, grunt_orc_garden,
          grunt_orc_garden, grunt_orc_garden, uniq_donald, uniq_azrael,
          uniq_saint_roka
Elf:1:    eino_elf_arrival_sip, layout_loops_cross, minmay_elf_annihilation,
          amcnicky_mini_corridor_feature, st_stairs_10, eino_tiny_chamber,
          grunt_ministairs_2
Elf:2:    layout_geoelf_diagonals, grunt_megastairs_5
Elf:3:    minmay_elf_hall_furrowed, layout_geoelf_castle, david_greed,
          uniq_bai_suzhen
Vaults:1: v_misc_5, ontoclasm_vaults_ring_square, vaults_dpeg_hooks,
          nicolae_vaults_three_branches, vaults_mumra_chevron, sword_in_stone,
          layout_vaults_quadrants
Vaults:2: nicolae_vaults_border_crossing, hangedman_vaults_nodes, v_pattern_1,
          v_misc_15, vaults_dpeg_cross, nicolae_vaults_triangles, v_misc_13,
          vaults_dpeg_encased_lava, dpeg_vaults_monster_box,
          nicolae_vaults_asterisk, vaults_room_door_hall,
          layout_vaults_omnicross, serial_shops, shop, nicolae_shop_statue_plus

Skill      XL: |  1  2  3  4  5  6  7  8  9 10 11 12 13 14 15 16 17 18 19 20 21 22 |
---------------+-------------------------------------------------------------------+-----
Stealth        | 2 3 4 5 6 7 8 9 10 | 10.0
Spellcasting   | 4 5 6 7 8 9 10 11 12 | 12.2
Dodging        | 3 4 5 6 7 8 9 10 11 12 13 14 15 16 | 16.2
Staves         | 1 |  1.1
Fighting       | 2 3 4 5 6 7 9 10 11 12 13 14 15 16 | 16.9
Invocations    | 1 3 5 6 7 8 10 11 12 | 12.8
Axes           | 2 3 4 |  4.8
Polearms       | 3 4 6 7 8 9 10 11 12 13 | 13.4
Shields        | 1 4 |  4.0
Evocations     | 3 5 7 8 |  8.5
Armour         | 3 6 7 |  7.1

Action                   |  1- 3 |  4- 6 |  7- 9 | 10-12 | 13-15 | 16-18 | 19-21 | 22-24 || total
-------------------------+-------+-------+-------+-------+-------+-------+-------+-------++-------
Melee: Unarmed           |     2 |       |       |       |       |       |       |       ||     2
       Staff             |    14 |    88 |    94 |    17 |    18 |    43 |    23 |       ||   297
       Hand axe          |       |       |   132 |   165 |       |       |       |       ||   297
       Trident           |       |       |       |   138 |   728 |  1091 |   777 |    41 ||  2775
       Eveningstar       |       |       |       |       |       |    10 |       |       ||    10
 Fire: Hunting sling     |       |       |       |       |       |       |     8 |       ||     8
Throw: Dart              |       |       |     1 |     2 |     6 |     3 |    11 |       ||    23
       Throwing net      |       |       |       |     3 |     1 |     1 |     1 |       ||     6
       Boomerang         |       |       |       |     1 |     1 |     1 |     7 |       ||    10
       Javelin           |       |       |       |       |       |     4 |     2 |       ||     6
 Cast: Freeze            |    33 |    49 |    38 |     9 |       |       |       |       ||   129
       Frozen Ramparts   |       |     7 |    17 |    29 |    25 |    11 |    13 |       ||   102
       Wereblood         |       |     1 |       |     1 |       |       |       |       ||     2
       Apportation       |       |       |     1 |       |       |       |       |       ||     1
       Lesser Beckoning  |       |       |       |     1 |       |       |       |       ||     1
       Ozocubu's Armour  |       |       |       |     6 |     8 |    12 |     7 |       ||    33
       Hailstorm         |       |       |       |     2 |    12 |    31 |    48 |     1 ||    94
       Metabolic Englaci |       |       |       |       |     8 |    26 |    18 |     2 ||    54
       Animate Armour    |       |       |       |       |     1 |       |       |       ||     1
       Shadow Creatures  |       |       |       |       |       |       |     2 |       ||     2
       Silence           |       |       |       |       |       |       |     1 |       ||     1
Invok: Recall Ancestor   |       |       |     2 |     4 |     2 |     7 |     4 |       ||    19
       Ancestor Identity |       |       |     1 |       |       |       |       |       ||     1
       Ancestor Life: Kn |       |       |     1 |       |       |       |       |       ||     1
       Idealise          |       |       |       |       |     6 |     1 |     3 |     1 ||    11
       Transference      |       |       |       |       |       |       |     6 |       ||     6
Evoke: Wand              |       |       |       |    11 |    34 |    19 |    24 |       ||    88
       Phantom mirror    |       |       |       |     1 |     1 |     4 |       |       ||     6
       Lightning rod     |       |       |       |       |       |       |    10 |     4 ||    14
       Box of beasts     |       |       |       |       |       |       |     1 |       ||     1
       Tin of tremorston |       |       |       |       |       |       |     2 |       ||     2
  Use: Scroll            |       |     9 |    12 |    11 |    12 |     6 |     7 |       ||    57
       Potion            |       |       |     3 |     6 |     7 |     7 |       |       ||    23
 Stab: Sleeping          |     1 |     4 |     9 |    10 |    26 |    36 |    32 |     2 ||   120
       Distracted        |       |       |     2 |     3 |    10 |    15 |    12 |     1 ||    43
       Paralysed         |       |       |       |       |     3 |     2 |     5 |       ||    10
       Held in net/web   |       |       |       |       |       |     1 |       |       ||     1
Armor: Robe              |     4 |    30 |    65 |   113 |   163 |   256 |   122 |    13 ||   766
Dodge: Dodged            |    23 |    74 |   237 |   383 |   509 |   828 |   331 |    31 ||  2416
Block: Buckler           |       |       |       |     8 |   132 |   518 |   250 |    16 ||   924
       Reflection        |       |       |       |       |       |       |    25 |       ||    25

Table legend: (Time is in decaauts)
 A = Elapsed time spent in this place.
 B = Non-inter-level travel time spent in this place.
 C = Inter-level travel time spent in this place.
 D = Time resting spent in this place.
 E = Time spent auto-exploring this place.
 F = Levels seen in this place.
 G = Mean time per level.
                   A        B        C        D        E       F      G
               +--------+--------+--------+--------+--------+-----+--------+
         Total |  90172 |  85801 |   4371 |  54076 |  18484 |  39 | 2312.1 |
       Dungeon |  32611 |  30633 |   1978 |  18066 |   7798 |  15 | 2174.1 |
        Temple |    280 |    249 |     31 |      0 |    207 |   1 |  280.0 |
          Lair |  11138 |  10217 |    921 |   4805 |   3619 |   6 | 1856.3 |
         Swamp |   9309 |   8862 |    447 |   6229 |   1650 |   4 | 2327.2 |
   Spider Nest |  12638 |  12380 |    258 |   8453 |   2280 |   4 | 3159.5 |
  Orcish Mines |   6753 |   6517 |    236 |   4804 |    659 |   2 | 3376.5 |
   Elven Halls |  12820 |  12366 |    454 |   9477 |    697 |   3 | 4273.3 |
        Vaults |   3482 |   3439 |     43 |   1510 |   1574 |   2 | 1741.0 |
         Sewer |    153 |    153 |      0 |      0 |      0 |   1 |  153.0 |
      Gauntlet |    984 |    984 |      0 |    729 |      0 |   1 |  984.0 |
               +--------+--------+--------+--------+--------+-----+--------+

Top non-repeatable levels by time:
   Elf:3: 6090 daAuts
   Orc:1: 5145 daAuts
Spider:2: 4340 daAuts
   Elf:1: 4323 daAuts
     D:9: 3543 daAuts
Spider:3: 3332 daAuts
     D:3: 3214 daAuts
     D:4: 3076 daAuts
     D:1: 3021 daAuts
 Swamp:1: 3002 daAuts
Spider:4: 2842 daAuts
     D:5: 2673 daAuts
 Swamp:3: 2563 daAuts
  Lair:3: 2536 daAuts
Vaults:1: 2501 daAuts
